 Dungeon Crawl Stone Soup version 0.28-a0-1143-gcf6077d4cc (webtiles) character file.

Game seed: 1127608522172741116

25 ducksouse the Skirmisher (level 2, -2/25 HPs)
             Began as a Palentonga Fighter on Dec 13, 2021.
             Slain by an ogre (16 damage)
             ... on level 2 of the Dungeon.
             The game lasted 00:04:56 (1709 turns).

ducksouse the Skirmisher (Palentonga Fighter)       Turns: 1709, Time: 00:04:56

Health: -2/25      AC:  6    Str: 19    XL:     2   Next: 86%
Magic:  2/2        EV:  7    Int:  8    God:
Gold:   61         SH:  4    Dex:  9    Spells: 1/1 levels left

rFire   . . .      SeeInvis +   a - +0 long sword
rCold   . . .      Faith    .   c - +0 buckler
rNeg    . . .      Spirit   .   b - +0 scale mail
rPois   .          Reflect  .   (no helmet)
rElec   .          Harm     .   (no cloak)
rCorr   .          Rampage  .   (no gloves)
Will    .....                   (no barding)
Stlth   ..........              (no amulet)
HPRegen 0.08/turn               (no ring)
MPRegen 0.08/turn               (no ring)

@: no status effects
A: large, rugged brown scales 3, see invisible, deformed body, roll 1, armoured
tail
a: Rolling Charge


You were on level 2 of the Dungeon.
You visited 1 branch of the dungeon, and saw 2 of its levels.

You collected 61 gold pieces.

Inventory:

Hand Weapons
 a - a +0 long sword (weapon)
Missiles
 e - 3 javelins (quivered)
Armour
 b - a +0 scale mail (worn)
 c - a +0 buckler (worn)
Scrolls
 f - a scroll of blinking {unknown}
Potions
 d - a potion of might
 g - a potion of degeneration {unknown}


   Skills:
 + Level 3.1 Fighting
 + Level 2.5 Long Blades
 + Level 2.8 Armour
 + Level 2.5 Shields


You had one spell level left.
You didn't know any spells.
Your spell library was empty.

Dungeon Overview and Level Annotations

Branches:
Dungeon (2/15)

Altars:


Innate Abilities, Weirdness & Mutations

You are completely covered in rugged brown scales. (AC +3, +7% HP)
You have supernaturally acute eyesight. (SInv)
Armour fits poorly on your strangely shaped body.
You can roll at nearby foes to attack.
You have a long armoured tail.


Message History

An endoplasm comes into view.
The endoplasm quivers.
You slash the endoplasm!
You kill the endoplasm!
Found a smoky blue potion.
g - a smoky blue potion You see here a hobgoblin corpse.
You see here a hobgoblin corpse.
You see here a bat skeleton.
There is an open door here.
Found a stone staircase leading down.
There is a stone staircase leading down here.
A hobgoblin comes into view.
The hobgoblin shouts!
The hobgoblin barely misses you.
You barely miss the hobgoblin. The hobgoblin hits you.
You barely miss the hobgoblin.
Your tail-slap misses the hobgoblin.
You block the hobgoblin's attack. The hobgoblin hits you.
You hit the hobgoblin but do no damage. The hobgoblin barely misses you.
You slash the hobgoblin!
You kill the hobgoblin!
You see here a hobgoblin corpse.
There is an open gate here.
There is an open gate here.
There is an open door here.
There is a stone staircase leading down here.
You climb downwards.
There is a stone staircase leading up here.
Found 19 stones.
You see here 19 stones.
An ogre comes into view. It is wielding a +0 giant club.
The ogre shouts!
You hear a shout!
A kobold comes into view. It is wielding a +0 short sword.
The ogre closely misses you.
You see here 19 stones.
The ogre hits you with a +0 giant club! The ogre closely misses you.
The ogre hits you with a +0 giant club!
Ouch! That really hurt!
You die...

#####.#
#...(.#
#.##### #.#
#.# #.# ###K#
#.O.# #@###
########.####
.......<....#
########.##.#
#.# # #.# #.#
..# ###


You could see an ogre and a kobold.

Vanquished Creatures
  A dart slug (D:1)
  3 endoplasms (D:1)
  A giant cockroach (D:1)
  A goblin (D:1)
  3 hobgoblins (D:1)
  2 jackals (D:1)
  3 kobolds (D:1)
  3 ball pythons (D:1)
  3 bats (D:1)
  2 rats (D:1)
22 creatures vanquished.

Notes
Turn   | Place    | Note
-------+----------+-------------------------------------------
     0 | D:1      | ducksouse the Palentonga Fighter began the quest for the
                  | Orb.
     0 | D:1      | Reached XP level 1. HP: 19/19 MP: 1/1
   387 | D:1      | Reached XP level 2. HP: 24/25 MP: 2/2
   414 | D:1      | Found a faded altar of an unknown god.
  1665 | D:2      | Noticed an ogre
  1709 | D:2      | Slain by an ogre

Illustrated notes

Levels and vault maps discovered:
D:1:      lemuel_arrival_funnel, layout_basic,
          hellmonk_ecumenical_altar_dog_temple
D:2:      layout_loops_ring, serial_shops, nicolae_shop_hallway_plus

Action                   || total
-------------------------++-------
Melee: Long sword        ||    48
       Tailslap          ||     6
Armor: Scale mail        ||    23
Dodge: Dodged            ||    27
Block: Buckler           ||    13

Table legend: (Time is in decaauts)
 A = Elapsed time spent in this place.
 B = Non-inter-level travel time spent in this place.
 C = Inter-level travel time spent in this place.
 D = Time resting spent in this place.
 E = Time spent auto-exploring this place.
 F = Levels seen in this place.
 G = Mean time per level.
                   A        B        C        D        E       F      G
               +--------+--------+--------+--------+--------+-----+--------+
         Total |   1723 |   1221 |    502 |    312 |    130 |   2 |  861.5 |
       Dungeon |   1723 |   1221 |    502 |    312 |    130 |   2 |  861.5 |
               +--------+--------+--------+--------+--------+-----+--------+

Top non-repeatable levels by time:
     D:1: 1634 daAuts
     D:2: 88 daAuts
